 Dungeon Crawl Stone Soup version 0.29-a0-275-g389c0b56f3 (webtiles) character file.

Game seed: 8289692762329091165

2307 epen the Cleaver (level 9, -7/118 HPs)
             Began as a Minotaur Berserker on Mar 9, 2022.
             Was an Elder of Trog.
             Killed from afar by a gargoyle (22 damage)
             ... with a stone arrow
             ... on level 7 of the Dungeon.
             The game lasted 00:11:15 (9363 turns).

epen the Cleaver (Minotaur Berserker)               Turns: 9363, Time: 00:11:16

Health: -7/118     AC: 10    Str: 27    XL:     9   Next: 18%
Magic:  0/0        EV: 13    Int: 12    God:    Trog [****..]
Gold:   410        SH:  5    Dex:  9    Spells: 8/8 levels left

rFire   . . .      SeeInvis .   a - +0 hand axe
rCold   . . .      Faith    .   (no shield)
rNeg    . . .      Spirit   .   d - +0 ring mail
rPois   .          Reflect  +   (helmet restricted)
rElec   .          Harm     .   m - +0 cloak
rCorr   +          Rampage  .   e - +1 pair of gloves
Will    .....                   (no boots)
Stlth   ..........              c - amulet of Fanaticism {Reflect +Inv rCorr MP-9 Int+8 SH+5}
HPRegen 0.29/turn               (no ring)
MPRegen 0.07/turn               (no ring)

@: berserking, studying Dodging, very quick
A: horns 2, retaliatory headbutt
a: Renounce Religion, Evoke Invisibility, Berserk, Trog's Hand, Brothers in Arms


You were on level 7 of the Dungeon.
You worshipped Trog.
Trog was greatly pleased with you.
You visited 1 branch of the dungeon, and saw 7 of its levels.
You also visited: Sewer.

You collected 410 gold pieces.

Inventory:

Hand Weapons
 a - a +0 hand axe (weapon)
Armour
 b - a +0 animal skin
 d - a +0 ring mail (worn)
 e - a +1 pair of gloves (worn)
 m - a +0 cloak (worn)
Jewellery
 c - the amulet of Fanaticism (around neck) {Reflect +Inv rCorr MP-9 Int+8 SH+5}
   (You acquired it on level 4 of the Dungeon)

   [amulet of reflection]

   It reflects blocked missile attacks.
   Int:       It affects your intelligence (+8).
   MP:        It affects your magic capacity (-9).
   +Inv:      It lets you turn invisible.
   rCorr:     It protects you from acid and corrosion.
   SH:        It affects your SH (+5).
 r - an amulet of regeneration
 A - a ring of ice
Wands
 o - a wand of digging (5)
 z - a wand of mindburst (23)
Scrolls
 g - a scroll of holy word
 p - a scroll of enchant armour
 t - a scroll of magic mapping
 y - a scroll of immolation {unknown}
 B - a scroll of identify
Potions
 f - a potion of cancellation {unknown}
 h - 2 potions of invisibility {unknown}
 i - a potion of degeneration {unknown}
 j - a potion of lignification {unknown}
 k - a potion of magic {unknown}
 l - 2 potions of ambrosia {unknown}
 n - 3 potions of flight {unknown}
 q - a potion of curing {unknown}
 s - 3 potions of haste
 u - a potion of mutation {unknown}
 v - 2 potions of attraction {unknown}
 w - a potion of heal wounds
 x - 2 potions of might {unknown}


   Skills:
 + Level 7.5 Fighting
 * Level 10.0 Axes
 + Level 7.0 Armour
 + Level 8.4 Dodging


You had 8 spell levels left.
You didn't know any spells.
Your spell library was empty.

Dungeon Overview and Level Annotations

Branches:
Dungeon (7/15)             Temple (0/1) D:5           Sewer (visited)

Altars:
Ashenzari
Elyvilon
Gozag
Kikubaaqudgha
Nemelex Xobeh
Qazlal
Sif Muna
Uskayaw
Wu Jian
Yredelemnul

Shops:
D:1 ![(=   D:4 *

Annotations:
D:6 3 runed translucent doors, trm's ghost, novice OpCj


Innate Abilities, Weirdness & Mutations

You have a pair of horns on your head.
You reflexively headbutt those who attack you in melee.


Message History

Found an escape hatch in the ceiling.
A sky beast, a gargoyle and a howler monkey come into view.
The howler monkey howls!
You hear a shout!
A vampire mosquito comes into view.
The vampire mosquito buzzes angrily.
The gargoyle hurls a stone arrow at you.
The stone arrow reflects off an invisible shield around you!
The stone arrow misses the gargoyle.
The gargoyle hurls a stone arrow at you.
The stone arrow misses you.
The howler monkey hoots and howls with incredible vigour!
You hear a howl!
The gargoyle hurls a stone arrow at you.
The stone arrow hits you!!
The gargoyle hurls a stone arrow at you.
The stone arrow hits you! You block the gargoyle's attack.
You hit the gargoyle but do no damage. Your headbutt misses the gargoyle.
The gargoyle hits you with a +0 flail!
You hit the gargoyle.
The gargoyle is moderately damaged.
The gargoyle hits you with a +0 flail!
* * * LOW HITPOINT WARNING * * *
A red film seems to cover your vision as you go berserk!
You feel yourself moving faster!
You feel mighty! The gargoyle misses you. You furiously retaliate!
You headbutt the gargoyle. You hit the gargoyle. You headbutt the gargoyle!
The gargoyle is severely damaged.
You hit the gargoyle but do no damage.
The gargoyle is severely damaged.
The gargoyle hurls a stone arrow at you.
The stone arrow hits you!
* * * LOW HITPOINT WARNING * * *
You completely miss the gargoyle.
The gargoyle is severely damaged.
You hit the gargoyle.
The gargoyle is severely damaged.
The gargoyle hurls a stone arrow at you.
The stone arrow hits you!!
You die...

. #.##..# #.####
##.##..######.#
##..##.........#
##..###...#####.#
#.. ##..## #...#
#.#### #..
##..#####...#
#..... # .h
##9...y......#
####.# #..Y
##....#9###...#
#####.# #.#.
##.Y..##@# #....
.......
#..9##.h#####.#
###.# #######
#...#..## #.# #.#
# #...## #.# #
##### #.# # ###.#
# .[#.# #.# #
#.#.# #.# # #.#.#
#.# #


You could see a vampire mosquito and a gargoyle.

Vanquished Creatures
  Grinder (D:5)
  Eustachio (D:5)
  A wyvern (D:7)
  A sky beast (D:6)
  A black bear (D:6)
  An ice beast (D:7)
  A centaur (D:7)
  A kobold brigand (D:7)
  2 bullfrogs
  A gnoll sergeant (D:5)
  2 scorpions
  3 wights (D:7)
  An orc priest (D:6)
  6 hounds
  A gnoll shaman (D:5)
  Terence (D:2)
  5 iguanas
  2 orc wizards
  Robin (D:2)
  15 gnolls
  11 adders
  9 river rats
  An ufetubus (D:7)
  3 worms
  2 dart slugs
  17 orcs
  2 bat zombies (D:3)
  5 endoplasms
  A giant cockroach (D:1)
  12 goblins (D:2)
  4 hobgoblins
  4 jackals (D:2)
  3 quokkas
  12 ball pythons
  4 bats
  8 frilled lizards
  18 kobolds
  18 rats
  A rat zombie (D:3)
183 creatures vanquished.

Vanquished Creatures (others)
  16 plants (D:5)
16 creatures vanquished.

Grand Total: 199 creatures vanquished

Notes
Turn   | Place    | Note
-------+----------+-------------------------------------------
     0 | D:1      | epen the Minotaur Berserker began the quest for the Orb.
     0 | D:1      | Reached XP level 1. HP: 19/19 MP: 0/0
     2 | D:1      | Found Zuudueps's Antique Armour Shop.
    34 | D:1      | Found Sunud's Distillery.
   461 | D:1      | Reached XP level 2. HP: 23/27 MP: 1/1
   527 | D:1      | Found Myid's Jewellery Shoppe.
   531 | D:1      | Reached skill level 4 in Axes
   547 | D:1      | Found Nupeyph's Weapon Boutique.
  1020 | D:2      | Noticed Terence
  1030 | D:2      | Killed Terence
  1031 | D:2      | Reached XP level 3. HP: 12/33 MP: 2/2
  1298 | D:2      | Noticed Robin
  1316 | D:2      | Killed Robin
  1317 | D:2      | Reached XP level 4. HP: 40/40 MP: 3/3
  1496 | D:2      | Reached ** piety under Trog
  2196 | D:3      | Reached skill level 5 in Axes
  2606 | D:3      | Found a stormy altar of Qazlal.
  3057 | D:3      | Found an ancient bone altar of Kikubaaqudgha.
  3144 | D:4      | Identified 2 scrolls of acquirement
  3144 | D:4      | Acquired the amulet of Fanaticism {Reflect +Inv rCorr MP-9
                  | Int+8 SH+5}
  3151 | D:4      | Acquired a manual of Dodging
  3165 | D:4      | Reached XP level 5. HP: 47/47 MP: 0/4
  3196 | D:4      | Found an ornate altar of the Wu Jian Council.
  3235 | D:4      | Found a basalt altar of Yredelemnul.
  3359 | D:4      | Reached *** piety under Trog
  3451 | D:4      | Found a glowing drain.
  3456 | Sewer    | Entered a sewer
  3735 | Sewer    | Reached XP level 6. HP: 55/55 MP: 0/5
  3777 | Sewer    | Reached skill level 6 in Axes
  3833 | Sewer    | Reached skill level 5 in Fighting
  4416 | D:4      | Found Pem Figh's General Store.
  4852 | D:4      | Found a sparkling altar of Nemelex Xobeh.
  5162 | D:5      | Entered Level 5 of the Dungeon
  5218 | D:5      | Reached skill level 5 in Dodging
  5220 | D:5      | Reached XP level 7. HP: 61/61 MP: 0/6
  5495 | D:5      | Reached skill level 7 in Axes
  5608 | D:5      | Found an opulent altar of Gozag.
  5726 | D:5      | Found a staircase to the Ecumenical Temple.
  5756 | D:5      | Reached skill level 5 in Armour
  6083 | D:5      | Found a shimmering blue altar of Sif Muna.
  6124 | D:5      | Noticed Grinder
  6128 | D:5      | Noticed Eustachio
  6130 | D:5      | Paralysed by Grinder for 5 turns
  6143 | D:5      | Paralysed by Grinder for 2 turns
  6150 | D:5      | Killed Eustachio
  6153 | D:5      | Paralysed by Grinder for 6 turns
  6164 | D:5      | Killed Grinder
  6164 | D:5      | Reached **** piety under Trog
  6165 | D:5      | Reached skill level 8 in Axes
  6165 | D:5      | Reached XP level 8. HP: 29/71 MP: 0/7
  6358 | D:5      | Found a broken altar of Ashenzari.
  6797 | D:6      | Noticed trm's ghost (novice OpCj)
  6801 | D:6      | Found a runed translucent gate.
  6801 | D:6      | Noticed a two-headed ogre
  6802 | D:6      | Found a runed translucent gate.
  6802 | D:6      | Found a runed translucent gate.
  6824 | D:6      | Found a white marble altar of Elyvilon.
  8049 | D:6      | Reached skill level 9 in Axes
  8880 | D:7      | Found a hide-covered altar of Uskayaw.
  8913 | D:7      | Reached XP level 9. HP: 66/79 MP: 0/8
  9099 | D:7      | Reached skill level 10 in Axes
  9340 | D:7      | Noticed a gargoyle
  9363 | D:7      | Killed from afar by a gargoyle

Illustrated notes

Levels and vault maps discovered:
D:1:      dpeg_arrival_tiny_c, layout_rooms, serial_shops,
          nicolae_shop_bloodbath_and_beyond, shop, nicolae_square_shop,
          nicolae_shop_waterfront
D:2:      wander_river, layout_basic, uniq_terence, uniq_robin
D:3:      layout_basic, lemuel_doored_altar, lemuel_zombie_altar_kikubaaqudgha,
          minivault_27, minmay_fractal_squares_5
D:4:      layout_basic, nicolae_wu_jian_glorious_leap,
          nemelex_dance_club_becter, mainiacjoe_overflow_24_doors, serial_shops,
          nicolae_shop_hallway_plus, lightli_sewer_entry_pipes
D:5:      layout_loops_ring, mainiacjoe_overflow_chevrons,
          lemuel_coloured_pillars_altar, lemuel_blue_sif_altar,
          minmay_temple_entry_overgrown, uniq_grinder, uniq_eustachio
D:6:      layout_basic, mainiacjoe_overflow_catwalk, gammafunk_ghost_split
D:7:      layout_loops_ring, makhleb_altar_promises_db, kennysheep_mini,
          minmay_manual_mandibuliform

Skill      XL: |  1  2  3  4  5  6  7  8  9 |
---------------+----------------------------+-----
Axes           | 4 5 6 8 9 10 | 10.0
Fighting       | 4 5 6 7 |  7.5
Armour         | 3 4 5 6 7 |  7.0
Dodging        | 3 4 5 6 8 |  8.4

Action                   |  1- 3 |  4- 6 |  7- 9 || total
-------------------------+-------+-------+-------++-------
Melee: Hand axe          |    81 |   222 |   248 ||   551
       Headbutt          |    11 |    28 |    52 ||    91
       Punch             |     1 |       |     2 ||     3
Invok: Berserk           |     2 |     3 |     3 ||     8
  Use: Scroll            |       |     7 |     6 ||    13
       Potion            |       |       |     1 ||     1
Armor: Animal skin       |     4 |       |       ||     4
       Ring mail         |    22 |    71 |    79 ||   172
Dodge: Dodged            |    33 |   101 |    97 ||   231
Block: Other             |       |    34 |    50 ||    84
       Reflection        |       |       |     3 ||     3

Table legend: (Time is in decaauts)
 A = Elapsed time spent in this place.
 B = Non-inter-level travel time spent in this place.
 C = Inter-level travel time spent in this place.
 D = Time resting spent in this place.
 E = Time spent auto-exploring this place.
 F = Levels seen in this place.
 G = Mean time per level.
                   A        B        C        D        E       F      G
               +--------+--------+--------+--------+--------+-----+--------+
         Total |   9483 |   9291 |    192 |   1872 |   5877 |   8 | 1185.4 |
       Dungeon |   8567 |   8375 |    192 |   1535 |   5533 |   7 | 1223.9 |
         Sewer |    915 |    915 |      0 |    337 |    344 |   1 |  915.0 |
               +--------+--------+--------+--------+--------+-----+--------+

Top non-repeatable levels by time:
     D:5: 1757 daAuts
     D:6: 1600 daAuts
     D:2: 1302 daAuts
     D:4: 1181 daAuts
     D:3: 1060 daAuts
   Sewer: 915 daAuts
     D:7: 845 daAuts
     D:1: 818 daAuts
